General information
			
			
        
        - name: BNet
 
        - type: Ladder 1vs1/FFA
 
        - host: Battle.net
 
        - saver: BANMEPLEASE
 
        
map: TurtleRock 
        - players: 2
 
        - length: 29:23
 
        - speed: Fast
 - version: 1.22 W3XP
 - replay type:  Public
 
» download(101 KB)
Players
        team 1 (winner) 
              
              
BANMEPLEASE (
teal | 146 APM | 4295 actions | 29:23)
              
 6 Blademaster 
 3 Wind Walk
 2 Critical Strike
 1 Bladestorm
 6 Shadow Hunter 
 2 Hex
 3 Healing Wave
 1 Big Bad Voodoo
 
                » actions 
                
                | Assign group hotkey | 40 |  | 
| Basic commands | 182 |  | 
| Build / train | 103 |  | 
| ESC pressed | 3 |  | 
| Enter build submenu | 32 |  | 
| Enter hero's abilities submenu | 13 |  | 
| Give item / drop item | 3 |  | 
| Remove unit from queue | 1 |  | 
| Right click | 1417 |  | 
| Select / deselect | 277 |  | 
| Select group hotkey | 2028 |  | 
| Use ability | 196 |  | 
                4295 total
 » units 
                
                | Peon | 9 |  | 
| Grunt | 6 |  | 
| Wind Rider | 7 |  | 
| Raider | 6 |  | 
| Kodo Beast | 3 |  | 
| Troll Batrider | 2 |  | 
| Spirit Walker | 4 |  | 
                37 total
 » upgrades
                
                | Pillage | 1 |  | 
| Ensnare | 1 |  | 
| Berserker Strength | 1 |  | 
| Spirit Walker Training | 2 |  | 
| Troll Regeneration | 1 |  | 
| Berserker Upgrade | 1 |  | 
| Reinforced Defenses | 1 |  | 
| Armor | 2 |  | 
| War Drums Damage Increase | 1 |  | 
                11 total
 » buildings
                
                | Altar of Storms | 1 |  | 
| Orc Burrow | 7 |  | 
| Barracks | 2 |  | 
| Voodoo Lounge | 2 |  | 
| Stronghold | 2 |  | 
| Beastiary | 1 |  | 
| War Mill | 2 |  | 
| Fortress | 1 |  | 
| Great Hall | 2 |  | 
| Spirit Lodge | 2 |  | 
| Watch Tower | 6 |  | 
                28 total
 » build order
                00:07 Altar of Storms
00:19 Orc Burrow
00:35 Barracks
00:36 Barracks
01:36 Orc Burrow
01:56 Voodoo Lounge
03:10 Stronghold
03:10 Stronghold
03:46 Voodoo Lounge
04:38 Orc Burrow
06:36 Beastiary
07:02 Orc Burrow
10:50 Orc Burrow
11:36 Orc Burrow
11:39 War Mill
11:52 Fortress
14:54 Great Hall
15:57 Orc Burrow
17:23 Spirit Lodge
17:25 Spirit Lodge
17:52 Watch Tower
17:54 Watch Tower
17:55 Watch Tower
24:21 Great Hall
24:22 Watch Tower
24:23 Watch Tower
24:29 Watch Tower
24:52 War Mill
» items
                
                | Healing Salve | 8 |  | 
| Lesser Clarity Potion | 10 |  | 
| Scroll of Speed | 2 |  | 
| Scroll of Town Portal | 1 |  | 
| Potion of Lesser Invulnerability | 2 |  | 
| Orb of Lightning | 1 |  | 
| Scroll of Healing | 1 |  | 
| Potion of Mana | 2 |  | 
                27 total
  
               team 2 (loser) 
              
              
sNoOp-aDn (
green | 70 APM | 2060 actions | 29:22)
              
 3 Demon Hunter 
 2 Mana Burn
 1 Immolation
 3 Beastmaster 
 2 Summon Quilbeast
 1 Summon Hawk
 
                » actions 
                
                | Assign group hotkey | 42 |  | 
| Basic commands | 2 |  | 
| Build / train | 78 |  | 
| Enter build submenu | 30 |  | 
| Enter hero's abilities submenu | 6 |  | 
| Give item / drop item | 1 |  | 
| Remove unit from queue | 1 |  | 
| Right click | 1147 |  | 
| Select / deselect | 590 |  | 
| Select group hotkey | 36 |  | 
| Use ability | 126 |  | 
                2060 total
 » units 
                
                | Wisp | 25 |  | 
| Huntress | 11 |  | 
| Archer | 8 |  | 
| Hippogryph | 7 |  | 
| Druid of the Talon | 7 |  | 
                58 total
 » upgrades
                
                | Improved Bows | 1 |  | 
| Strength of the Moon | 1 |  | 
| Druid of the Talon Training | 2 |  | 
                4 total
 » buildings
                
                | Altar of Elders | 1 |  | 
| Moon Well | 10 |  | 
| Hunter's Hall | 1 |  | 
| Ancient of War | 2 |  | 
| Tree of Ages | 1 |  | 
| Ancient of Lore | 3 |  | 
| Ancient Protector | 3 |  | 
| Ancient of Wind | 2 |  | 
| Tree of Eternity | 1 |  | 
| Ancient of Wonders | 1 |  | 
| Chimaera Roost | 1 |  | 
| Tree of Life | 1 |  | 
                27 total
 » build order
                00:08 Altar of Elders
00:21 Moon Well
01:26 Hunter's Hall
01:47 Ancient of War
02:07 Ancient of War
02:53 Moon Well
03:17 Moon Well
04:22 Tree of Ages
05:55 Moon Well
07:28 Ancient of Lore
07:47 Ancient of Lore
09:01 Ancient of Lore
09:35 Ancient Protector
09:50 Moon Well
10:03 Ancient Protector
10:49 Ancient Protector
12:13 Moon Well
12:22 Moon Well
12:28 Moon Well
12:33 Moon Well
12:54 Ancient of Wind
13:41 Ancient of Wind
14:08 Moon Well
15:42 Tree of Eternity
17:04 Ancient of Wonders
21:04 Chimaera Roost
23:21 Tree of Life
» items
                
                | Orb of Venom | 2 |  | 
| Potion of Healing | 2 |  | 
| Potion of Mana | 1 |  | 
                5 total
  
                Chat log
          
(10:43 / All) BANMEPLEASE: lol
(23:49 / All) sNoOp-aDn: MH
(23:51 / All) BANMEPLEASE: haha
(23:52 / All) sNoOp-aDn: FUCK
(23:55 / All) sNoOp-aDn: WIN MH
(23:56 / All) BANMEPLEASE: haha
(24:00 / All) sNoOp-aDn: IM REPORT
(24:05 / All) BANMEPLEASE: ok lol
(24:49 / All) sNoOp-aDn: AFFF
(24:51 / All) sNoOp-aDn: MH
(24:53 / All) BANMEPLEASE: hahaha
(24:54 / All) sNoOp-aDn: AFFF
(24:56 / All) sNoOp-aDn: AFFF
(25:07 / All) sNoOp-aDn: IM ADD U MY LIST BAN
(25:12 / All) sNoOp-aDn: FUCK
(25:15 / All) sNoOp-aDn: FUCK U
(25:18 / All) BANMEPLEASE: ahaha
(25:22 / All) sNoOp-aDn: U LOST YOUR ACC
(27:40 / All) sNoOp-aDn: FUCK U
(27:44 / All) BANMEPLEASE: hahah
(27:46 / All) sNoOp-aDn: U NO HONEST
(27:57 / All) BANMEPLEASE: ahah
(28:03 / All) sNoOp-aDn: NO PRO
(28:07 / All) sNoOp-aDn: U COVARD
(28:45 / All) BANMEPLEASE: haahha
(28:48 / All) sNoOp-aDn: U COVARDE
(28:57 / All) sNoOp-aDn: COVARDE
(29:00 / All) sNoOp-aDn: COVARDE
(29:09 / All) sNoOp-aDn: IM REPORT U NOW